 Dungeon Crawl Stone Soup version 0.27-a0-59-gfbafd837a3 (webtiles) character file.

Game seed: 10429090083945300081

100 Borgoz the Skirmisher (level 4, -3/40 HPs)
             Began as a Draconian Abyssal Knight on Jan 8, 2021.
             Was a Believer of Lugonu.
             Killed from afar by an orc wizard (9 damage)
             ... with a puff of flame
             ... on level 3 of the Dungeon.
             The game lasted 00:02:14 (1827 turns).

Borgoz the Skirmisher (Draconian Abyssal Knight)    Turns: 1827, Time: 00:02:14

Health: -3/40      AC:  7    Str: 15    XL:     4   Next: 46%
Magic:  5/5        EV: 14    Int: 12    God:    Lugonu [**....]
Gold:   180        SH:  0    Dex: 17    Spells: 3/3 levels left

rFire    . . .     SeeInvis .   a - +1 falchion
rCold    . . .     Faith    .   (no shield)
rNeg     . . .     Spirit   .   (armour unavailable)
rPois    .         Reflect  .   (helmet restricted)
rElec    .         Harm     .   (no cloak)
rCorr    .         Rampage  .   (no gloves)
Will     .....                  f - +1 pair of boots
Stlth    ++........             c - amulet of regeneration
HPRegen  0.53/turn              b - +6 ring of dexterity
MPRegen  0.09/turn              (no ring)

@: brilliant, flying
A: unfitting armour, cold-blooded, AC +5
a: Renounce Religion, Depart the Abyss, Bend Space


You were on level 3 of the Dungeon.
You worshipped Lugonu.
Lugonu was pleased with you.
You visited 1 branch of the dungeon, and saw 3 of its levels.
You visited the Abyss 1 time.

You collected 180 gold pieces.

Inventory:

Hand Weapons
 a - a +1 falchion (weapon)
Armour
 f - a +1 pair of boots (worn)
Jewellery
 b - a +6 ring of dexterity (left hand)
 c - an amulet of regeneration (around neck)
Scrolls
 d - a scroll of immolation {unknown}
 e - 4 scrolls of enchant armour {unknown}
 i - a scroll of amnesia {unknown}
 j - 2 scrolls of identify {unknown}
 m - a scroll of fog {unknown}
 p - a scroll of teleportation {unknown}
Potions
 n - a potion of attraction {unknown}
 o - a potion of lignification {unknown}


   Skills:
 + Level 3.9 Fighting
 * Level 3.3 Long Blades
 * Level 3.2 Dodging
 - Level 2.0 Invocations


You had 3 spell levels left.
You didn't know any spells.
Your spell library was empty.

Dungeon Overview and Level Annotations

Branches:
Dungeon (3/15)

Altars:


Innate Abilities, Weirdness & Mutations

Your plain brown scales are hard. (AC +5)
You cannot fit into any form of body armour.
You are cold-blooded and may be slowed by cold attacks.


Message History

Something barely misses you.
You hit something. You tail-slap something. Something barely misses you.
Something hits you but does no damage. x2
You hit something. Something hits you but does no damage. Something hits you.
* * * LOW HITPOINT WARNING * * *
You barely miss something.
You hear some strange, mumbled words.
A magic dart appears from out of thin air!
The magic dart hits you but does no damage.
Something hits you but does no damage. Something hits you.
* * * LOW HITPOINT WARNING * * *
You miss something. Something hits you but does no damage. Something hits you.
* * * LOW HITPOINT WARNING * * *
You closely miss something. Something hits you.
* * * LOW HITPOINT WARNING * * *
Something hits you but does no damage.
You hear some strange, mumbled words.
A puff of flame appears from out of thin air!
The puff of flame hits you!
You die...

.#.# .#.#
...............[>
...#####................
......##................
......#.........).......
....................(...
......#...............$.
†..............{{†......
......#.........@#
......##.......)##
....##.........##
...........#####
.........### .....##..#
.....##..######
.....).)......#
##...#.#.####..


There were no monsters in sight!

Vanquished Creatures
  An adder (D:2)
  A shadow imp (D:2)
  2 worms
  A dart slug (D:3)
  A leopard gecko (D:2)
  6 orcs (D:3)
  A ball python (D:2)
  5 giant cockroaches
  7 goblins
  10 hobgoblins
  3 jackals (D:2)
  8 bats
  4 frilled lizards
  8 kobolds
  4 rats
62 creatures vanquished.

Notes
Turn   | Place    | Note
-------+----------+-------------------------------------------
     0 | Abyss:1  | Borgoz the Draconian Abyssal Knight began the quest for the
                  | Orb.
     0 | Abyss:1  | Reached XP level 1. HP: 19/19 MP: 2/2
    22 | Abyss:3  | Noticed an ancient zyme
    25 | D:1      | Escaped the Abyss
   153 | D:1      | Reached * piety under Lugonu
   238 | D:1      | Reached XP level 2. HP: 26/26 MP: 3/3
   737 | D:2      | Reached XP level 3. HP: 30/31 MP: 4/4
  1178 | D:2      | Reached ** piety under Lugonu
  1697 | D:3      | Reached XP level 4. HP: 40/40 MP: 5/5
  1827 | D:3      | Killed from afar by an orc wizard

Illustrated notes

Levels and vault maps discovered:
D:1:      amcnicky_arrival_double_pillar, layout_loops_ring
D:2:      layout_basic
D:3:      minmay_diamond_boxcup, layout_rooms, hellmonk_ghost_happy_afterlife,
          kennysheep_another_room, uniq_jessica

Skill      XL: |  1  2  3 |
---------------+----------+-----
Long Blades    | 3 |  3.3
Dodging        | 3 |  3.2
Fighting       | |  3.9
Invocations    | |  2.0

Action                   |  1- 3 |  4- 6 || total
-------------------------+-------+-------++-------
Melee: Falchion          |   100 |    53 ||   153
       Tailslap          |    10 |    10 ||    20
Invok: Depart the Abyss  |     1 |       ||     1
  Use: Potion            |     1 |     4 ||     5
 Stab: Sleeping          |     2 |       ||     2
Armor: Skin              |    29 |    40 ||    69
Dodge: Dodged            |    67 |    49 ||   116
       Rpst.: Falchion   |    20 |    13 ||    33

Table legend: (Time is in decaauts)
 A = Elapsed time spent in this place.
 B = Non-inter-level travel time spent in this place.
 C = Inter-level travel time spent in this place.
 D = Time resting spent in this place.
 E = Time spent auto-exploring this place.
 F = Levels seen in this place.
 G = Mean time per level.
                   A        B        C        D        E       F      G
               +--------+--------+--------+--------+--------+-----+--------+
         Total |   1849 |   1781 |     68 |    100 |   1275 |   6 |  308.2 |
       Dungeon |   1824 |   1756 |     68 |    100 |   1269 |   3 |  608.0 |
         Abyss |     24 |     24 |      0 |      0 |      6 |   3 |    8.0 |
               +--------+--------+--------+--------+--------+-----+--------+

Top non-repeatable levels by time:
     D:2: 982 daAuts
     D:1: 698 daAuts
     D:3: 143 daAuts
 Abyss:2: 13 daAuts
 Abyss:3: 6 daAuts
 Abyss:1: 4 daAuts
